 Dungeon Crawl Stone Soup version 0.30.0 (webtiles) character file.

Game seed: 5029842074279856662

356302 brinewave the Slayer (level 21, 0/213 HPs)
             Began as a Minotaur Berserker on May 16, 2023.
             Was a High Priest of Trog.
             Slain by a vault warden
             ... wielding a +1 glaive of distortion
              (38 damage)
             ... on level 1 of the Vaults.
             The game lasted 03:28:32 (53401 turns).

brinewave the Slayer (Minotaur Berserker)          Turns: 53401, Time: 03:28:34

Health: 0/213      AC: 38    Str: 41      XL:     21   Next: 39%
Magic:  20/20      EV: 19    Int:  3 (4)  God:    Trog [*****.]
Gold:   2829       SH:  5    Dex: 16      Spells: 20/20 levels left

rFire   + + .        a - +7 battleaxe (heavy)
rCold   + . .        (shield currently unavailable)
rNeg    . . .        R - +1 crystal plate armour {rC+}
rPois   +            V - +2 hat
rElec   .            H - scarf of Ceirohiwea {repulsion, +Inv Fly Str+3}
rCorr   .            w - +0 pair of gloves of Ethics {Drain rPois Dex+3 SInv}
SInv    +            G - +2 pair of boots
Will    ++...        D - amulet of Wariness {Reflect rC+ Will+ Str+3 SH+5} Stlth
                     S - ring of the Princeling {Fire rPois Str+5}
HPRegen 0.55/turn    Y - ring of protection from fire
MPRegen 0.17/turn

%: random rage (3%), repel missiles, reflection
@: about to teleport, on berserk cooldown, flying, slowed, studying Throwing,
very slow
A: horns 2, retaliatory headbutt, berserk 1, [teleportitis 1]
}: 2/15 runes: decaying, serpentine
a: Renounce Religion, Evoke Invisibility, Berserk, Trog's Hand, Brothers in Arms


You were on level 1 of the Vaults.
You worshipped Trog.
Trog was extremely pleased with you.
You visited 9 branches of the dungeon, and saw 39 of its levels.
You visited the Abyss 2 times.
You also visited: Ice Cave and Wizlab.

You collected 5008 gold pieces.
You spent 2179 gold pieces at shops.

Inventory:

Hand Weapons
 a - a +7 heavy battleaxe (weapon)
 b - a +1 battleaxe of flaming
Missiles
 h - 61 poisoned darts
 p - 41 boomerangs (quivered)
 t - 3 silver javelins
 x - 13 javelins
Armour
 w - the +0 pair of gloves of Ethics (worn) {Drain rPois Dex+3 SInv}
   (You found it on level 15 of the Dungeon)

   Dex:       It affects your dexterity (+3).
   rPois:     It protects you from poison.
   SInv:      It lets you see invisible.
   Drain:     It drains your maximum health when unequipped.
 C - +0 storm dragon scales
 G - a +2 pair of boots (worn)
 H - the scarf of Ceirohiwea (worn) {repulsion, +Inv Fly Str+3}
   (You found it in a wizard's laboratory)

   Str:       It affects your strength (+3).
   +Inv:      It lets you turn invisible.
   Fly:       It grants you flight.
 J - the +7 tower shield of Kubuil {rC+ Will+}
   (You found it on level 3 of the Elven Halls)

   rC:        It protects you from cold.
   Will:      It increases your willpower.
 N - the +0 ring mail of the Hall of Blades {rElec rF+ Stlth+}
   (You found it on level 10 of the Dungeon)

   rF:        It protects you from fire.
   rElec:     It insulates you from electricity.
   Stlth:     It makes you more stealthy.
 R - a +1 crystal plate armour of cold resistance (worn)
 U - quicksilver dragon scales
 V - a +2 hat (worn)
Jewellery
 D - the amulet of Wariness (around neck) {Reflect rC+ Will+ Str+3 SH+5}
   (You bought it in a shop on level 2 of the Orcish Mines)

   [amulet of reflection]

   It reflects blocked missile attacks.
   Str:       It affects your strength (+3).
   rC:        It protects you from cold.
   SH:        It affects your SH (+5).
   Will:      It increases your willpower.
 F - the amulet "Ejysahoc" {RegenMP Harm rF+ rC- rCorr}
   (You took it off an orc on level 15 of the Dungeon)

   [amulet of magic regeneration]

   It increases your rate of magic regeneration.
   rF:        It protects you from fire.
   rC:        It makes you vulnerable to cold.
   rCorr:     It protects you from acid and corrosion.
   Harm:      It increases damage dealt and taken.
 O - the ring "Vioclifofo" {Ice Fly rPois}
   (You took it off a fire giant in a wizard's laboratory)

   [ring of ice]

   It enhances your ice magic.
   rF:        It makes you vulnerable to fire.
   rC:        It protects you from cold.
   rPois:     It protects you from poison.
   Fly:       It grants you flight.
 P - a ring of positive energy
 S - the ring of the Princeling (left hand) {Fire rPois Str+5}
   (You found it in a wizard's laboratory)

   [ring of fire]

   It enhances your fire magic.
   Str:       It affects your strength (+5).
   rF:        It protects you from fire.
   rC:        It makes you vulnerable to cold.
   rPois:     It protects you from poison.
 W - a ring of willpower
 Y - a ring of protection from fire (right hand)
Wands
 j - a wand of iceblast (80)
 z - a wand of digging (2)
 M - a wand of mindburst (7)
 T - a wand of light (19)
Scrolls
 f - 8 scrolls of fear
 i - 23 scrolls of teleportation
 k - 2 scrolls of summoning
 l - 4 scrolls of poison
 s - 3 scrolls of fog
 v - 18 scrolls of identify
 y - 5 scrolls of magic mapping
 I - 3 scrolls of blinking
 K - 3 scrolls of silence
Potions
 c - 4 potions of heal wounds
 d - a potion of resistance
 e - 7 potions of cancellation
 g - 21 potions of curing
 m - 3 potions of berserk rage
 n - 8 potions of flight
 q - 6 potions of mutation
 u - 13 potions of might
 A - 9 potions of ambrosia
 B - 6 potions of haste
 E - 2 potions of invisibility
 L - 3 potions of lignification
Miscellaneous
 o - a lightning rod (4/4)
 r - a phantom mirror
 Q - a condenser vane
 X - a box of beasts
 Z - a phial of floods


   Skills:
 + Level 23.9 Fighting
 - Level 20.0 Axes
 + Level 13.3 Throwing
 + Level 23.7 Armour
 + Level 22.0 Dodging


You had 20 spell levels left.
You didn't know any spells.
Your spell library was empty.

Dungeon Overview and Level Annotations

Branches:
Dungeon (15/15)            Temple (0/1) D:6            Lair (5/5) D:9
  Swamp (4/4) Lair:2        Snake (4/4) Lair:2        Slime (0/5) Lair:5
    Orc (2/2) D:11            Elf (3/3) Orc:2        Vaults (1/5) D:13
 Depths (4/4) D:15           Hell (visited)           IceCv (visited)
 WizLab (visited)
    Dis: Hell:1         Geh: Hell:1         Coc: Hell:1         Tar: Hell:1
    Zot: Depths:4

Altars:
Ashenzari
Cheibriados
Elyvilon
Fedhas
Hepliaklqana
Kikubaaqudgha
Makhleb
Nemelex Xobeh
Okawaru
Qazlal
Ru
Trog
Uskayaw
Wu Jian
Xom
Yredelemnul
The Shining One

Shops:
D:1 =   D:2 *   Orc:1 (   Orc:2 =((*=   Elf:1 *:   Elf:3 [   Snake:1 [
Snake:3 [::=*

Portals:
Hell: Depths:1 Depths:2 Depths:3 Depths:4
Abyss: Depths:1 Depths:3
Pandemonium: Depths:1 Depths:2
Ziggurat: Depths:3
Trove: Elf:1 (give 9 potions of haste)

Annotations:
D:15 2 transporters
Depths:4 Vv
Hell Geryon


Innate Abilities, Weirdness & Mutations

You have a pair of horns on your head.
You reflexively headbutt those who attack you in melee.
You sometimes lose your temper in combat.
[You are occasionally teleported next to monsters.]


Message History

Your troll closely misses the vault warden.
Your troll misses the vault warden.
Your troll closely misses the vault warden.
Your troll claws the vault warden but does no damage.
Your troll misses the vault warden.
The vault warden hits your troll with a +1 glaive of distortion!!!
Your troll dies!
Your troll's corpse disappears in a puff of smoke!
The vault sentinel shoots a bolt.
The bolt misses you.
The bolt hits the vault warden!
The vault warden activates a sealing rune.
A door slams shut!
The vault sentinel gestures at you while chanting.
You struggle to resist.
Something unseen opens the door.
The ironbound convoker casts a spell at something.
As you read the scroll of teleportation, it crumbles to dust.
You feel strangely unstable.
The vault sentinel shoots a bolt.
The bolt misses you.
The bolt misses the vault warden.
The vault warden hits you from afar with a +1 glaive of distortion!
* * * LOW HITPOINT WARNING * * *
Space warps horribly around you!
* * * LOW HITPOINT WARNING * * *
The vault sentinel points at you and mumbles some strange words.
You struggle to resist.
Your troll goes berserk!
The vault warden activates a sealing rune.
A door slams shut!
The vault sentinel blows a loud note on a signal horn!
The vault warden completely misses you. You furiously retaliate!
You headbutt the vault warden!
The vault warden hits you from afar with a +1 glaive of distortion!!
* * * LOW HITPOINT WARNING * * *
You resist the pull of the Abyss.
You feel much better.
The vault sentinel gestures at you while chanting.
You struggle to resist.
An ironbound convoker opens the door.
The ironbound preserver gestures wildly while chanting.
The ironbound preserver begins to accept its allies' injuries.
The vault warden hits you from afar with a +1 glaive of distortion!!!
You die...

#..####..# #######'####
######..'~~'..# #.........
.....+..'~~'..##########.........
.....+..####..#........+[.......[
...^.#... #...+........#.........
.....#### #####........#.^.......
.....##########........#.........
.....##.......#...T....##########
+#)# #.......p.@.p....# ..)##
#.......#.p.p....#
.∩..###.......######'###
.....##.).....# #.p.#
......'.......# #p..#
.....########## #+++# ....##
..... ...## ...... #### .......


You could see an ironbound preserver (strong), 2 vault wardens, a vault sentinel
(sheltered, catching breath), an ironbound convoker (sheltered) and a friendly
troll (summoned, berserk).

Vanquished Creatures
  the Lernaean hydra (Swamp:4)
  Saint Roka (Orc:2)
  Vashnia (Snake:4)
  A caustic shrike (Depths:2)
  An electric golem (WizLab)
  3 tentacled monstrosities
  Mlioglotl (Snake:1)
  Jorgrun (Elf:2)
  A titan (Depths:3)
  A lich (Depths:2)
  Asterion (Snake:3)
  3 deep elf blademasters
  2 quicksilver dragons (Depths:3)
  An Executioner (Abyss:4)
  2 deep elf master archers (Elf:3)
  2 tentacled starspawn (Abyss:4)
  Gastronok (Orc:1)
  The ghost of MrDizzy the Warrior, an adept MiBe of Trog (Swamp:3)
  A sphinx (Depths:4)
  Agnes (Snake:4)
  2 thorn hunters (Swamp:3)
  The ghost of Vixxxy the Warrior, an adept MiFi of Kikubaaqudgha (D:15)
  A storm dragon (Depths:3)
  Donald (Swamp:1)
  6 tengu reavers
  2 shadow dragons (Depths:3)
  2 iron dragons (Depths:2)
  6 fire giants
  9 nagarajas
  A fenstrider witch (Swamp:4)
  7 frost giants
  A deep elf sorcerer (Elf:3)
  3 deep elf elementalists (Elf:3)
  Louise (D:15)
  A shard shrike simulacrum (Abyss:4)
  A spriggan defender (Depths:3)
  5 war gargoyles (WizLab)
  2 ironbound preservers (Vaults:1)
  A reaper (Depths:1)
  11 very ugly things
  9 stone giants
  4 ironbound thunderhulks
  2 vampire knights
  Nessos (Orc:2)
  3 deep elf demonologists (Elf:3)
  3 eleionomae
  2 bunyips
  7 spark wasps (Depths:3)
  5 deep elf annihilators (Elf:3)
  4 dire elephants
  An ettin (Depths:1)
  A crystal guardian (WizLab)
  2 merfolk javelineers (Depths:2)
  5 deep elf death magi
  3 deep elf high priests (Elf:3)
  4 fire dragons
  An entropy weaver (Vaults:1)
  3 jiangshi (Depths:1)
  A yaktaur captain (Vaults:1)
  A shambling mangrove (Swamp:3)
  3 ice dragons
  A quicksilver dragon skeleton (Depths:2)
  Fannar (Lair:3)
  19 hydras
  2 ghost crabs
  3 peacekeepers (WizLab)
  4 vault guards (Vaults:1)
  2 great orbs of eyes
  A salamander tyrant (Snake:3)
  3 spriggan air magi (Depths:2)
  Harold (D:11)
  2 rakshasas
  10 anacondas
  5 two-headed ogres
  3 catoblepae
  5 centaur warriors
  27 dancing weapons
  An ironbound frostheart (Vaults:1)
  9 naga warriors
  8 alligators
  2 vampire magi
  3 boulder beetles
  A tengu warrior (Depths:3)
  7 deep troll shamans
  2 thrashing horrors
  8 death yaks
  2 spriggan berserkers (Depths:2)
  9 deep troll earth magi
  8 orc high priests
  18 deep elf knights
  15 naga sharpshooters
  6 hell knights
  7 shock serpents
  7 spriggans
  Nergalle (D:12)
  2 wretched stars (Abyss:4)
  3 salamander mystics
  8 iron trolls
  17 deep trolls
  A death drake (Swamp:3)
  3 goliath frogs
  4 sea snakes (Snake:1)
  A spatial maelstrom (Abyss:4)
  2 flayed ghosts
  4 bog bodies
  5 naga ritualists
  6 deep elf archers
  5 spriggan druids
  2 ironbound convokers (Vaults:1)
  5 glowing orange brains
  2 wizards (Depths:2)
  2 lindwurms (Vaults:1)
  12 swamp dragons
  Pikel (D:7)
  19 deep elf zephyrmancers
  23 deep elf pyromancers
  16 starcursed masses
  16 mana vipers
  3 necromancers
  A golden dragon skeleton (Depths:2)
  An oklob plant (Abyss:4)
  3 orc sorcerers
  11 orc knights
  2 manticores
  2 shining eyes (Depths:3)
  5 cyclopes
  A manticore (shapeshifter) (Depths:3)
  22 ugly things
  6 salamanders
  2 will-o-the-wisps
  8 elephants (Lair:5)
  An ice statue (IceCv)
  2 rust devils (Depths:1)
  Maurice (D:8)
  An eye of devastation (Depths:3)
  36 black mambas
  2 molten gargoyles (WizLab)
  6 vault sentinels (Vaults:1)
  Joseph (D:7)
  7 guardian serpents
  2 smoke demons (Abyss:4)
  11 naga magi
  An orange demon (Depths:1)
  2 hellions
  An apocalypse crab (Abyss:3)
  4 cane toads
  8 gargoyles
  4 rime drakes
  An unseen horror (Abyss:3)
  A kobold demonologist (D:11)
  4 tengu conjurers
  9 komodo dragons
  9 yaktaurs (Vaults:1)
  An efreet (D:15)
  2 ice devils (IceCv)
  A queen bee (Lair:3)
  An ancient zyme (Abyss:3)
  6 trolls
  11 hornets
  A tarantella (shapeshifter) (Elf:1)
  9 tyrant leeches
  2 polar bears
  4 dream sheep (Lair:5)
  A jumping spider (shapeshifter) (Elf:1)
  10 slime creatures
  A culicivora (Vaults:1)
  A ynoxinul (Abyss:4)
  2 wraiths
  15 water elementals
  2 air elementals
  9 fire elementals
  74 yaks
  A death yak simulacrum (IceCv)
  2 vampire mosquitoes (Swamp:1)
  3 steam dragons
  5 wyverns
  3 basilisks
  2 neqoxecs
  A chaos spawn (Abyss:4)
  10 large abominations
  A spatial vortex (Abyss:4)
  14 swamp worms
  A warg (Orc:2)
  31 nagas
  3 acid dragons
  2 hydra simulacra (IceCv)
  25 water moccasins
  2 hell hounds (Depths:1)
  An ice beast (D:5)
  38 orc warriors
  A human skeleton (Depths:2)
  4 sky beasts
  3 black bears
  9 swamp drakes (Swamp:4)
  9 wolves
  5 ogres
  4 boggarts (Vaults:1)
  13 centaurs
  2 lemures (D:7)
  A phantom (D:4)
  5 small abominations
  8 bullfrogs
  5 two-headed ogre simulacra (IceCv)
  2 earth elementals (WizLab)
  A cane toad simulacrum (IceCv)
  2 scorpions
  31 killer bees
  2 electric eels (Lair:4)
  A howler monkey (D:9)
  2 hounds (D:6)
  2 jellies
  2 gnoll boudas
  A sleepcap (D:7)
  33 orc priests
  An iron imp (Abyss:4)
  3 iguanas
  Terence (D:3)
  18 orc wizards
  5 spriggan simulacra (IceCv)
  10 troll simulacra (IceCv)
  2 lightning spires (WizLab)
  A polar bear simulacrum (IceCv)
  8 wolf simulacra (IceCv)
  9 adders
  12 gnolls
  3 naga simulacra (IceCv)
  4 white imps
  7 ufetubi
  A worm (D:2)
  2 dart slugs
  99 orcs
  4 bats
  6 endoplasms
  4 giant cockroaches
  13 goblins
  15 hobgoblins
  2 jackals (D:1)
  15 kobolds
  8 quokkas
  10 ball pythons
  6 frilled lizards
  5 rats
  2 rat zombies (D:14)
  2 briar patches (Swamp:3)
  5 spectral weapons
  2 starspawn tentacles (Abyss:4)
1430 creatures vanquished.

Vanquished Creatures (collateral kills)
  2 frost giants
  A deep elf elementalist (Elf:3)
  A deep elf demonologist (Elf:3)
  A stone giant (Depths:3)
  2 deep elf death magi (Elf:3)
  An ice dragon (Depths:3)
  A rakshasa (Depths:3)
  Erica (Orc:1)
  A hydra (Lair:2)
  2 deep troll earth magi
  A deep troll shaman (Depths:2)
  A naga sharpshooter (Snake:3)
  A naga warrior (Snake:3)
  5 hell knights (Depths:2)
  A shock serpent (Snake:3)
  An iron troll (Depths:2)
  An orc knight (Orc:1)
  2 deep elf pyromancers (Elf:3)
  3 black mambas
  A fire elemental (Elf:3)
  3 nagas
33 creatures vanquished.

Vanquished Creatures (others)
  A bog body (IceCv)
  2 deep elf pyromancers
  A bloated husk (Swamp:1)
  A water elemental (Elf:3)
  An iron imp (Abyss:4)
  A hell rat (Hell)
  An orc (Orc:2)
  A bush (D:9)
  2 foxfires (Lair:2)
  12 fungi
  39 plants
  4 starspawn tentacles (Abyss:4)
66 creatures vanquished.

Grand Total: 1529 creatures vanquished

Notes
Turn   | Place    | Note
-------+----------+-------------------------------------------
     0 | D:1      | brinewave the Minotaur Berserker began the quest for the
                  | Orb.
     0 | D:1      | Reached XP level 1. HP: 19/19 MP: 0/0
   109 | D:1      | Found a faded altar of an unknown god.
   154 | D:1      | Reached XP level 2. HP: 21/27 MP: 1/1
   503 | D:1      | Found Suafytuw's Jewellery Shop.
   974 | D:2      | Reached XP level 3. HP: 22/33 MP: 2/2
  1230 | D:2      | Reached ** piety under Trog
  1290 | D:2      | Found Pitwipn's General Store.
  1293 | D:2      | Bought a potion of flight for 33 gold pieces
  1827 | D:3      | Noticed Terence
  1879 | D:2      | Reached XP level 4. HP: 40/40 MP: 3/3
  1895 | D:3      | Killed Terence
  2020 | D:3      | Reached skill level 5 in Axes
  2192 | D:3      | Found a bloodstained altar of Trog.
  2193 | D:3      | Found a snail-covered altar of Cheibriados.
  2194 | D:3      | Found a hazy altar of Hepliaklqana.
  2195 | D:3      | Found an iron altar of Okawaru.
  2195 | D:3      | Found a stormy altar of Qazlal.
  2195 | D:3      | Found a glowing golden altar of the Shining One.
  2196 | D:3      | Found a burning altar of Makhleb.
  2196 | D:3      | Found a sparkling altar of Nemelex Xobeh.
  2197 | D:3      | Found a shimmering altar of Xom.
  2198 | D:3      | Found an ancient bone altar of Kikubaaqudgha.
  2198 | D:3      | Found a hide-covered altar of Uskayaw.
  2204 | D:3      | Identified the +3 plate armour of Deucwe {rElec Will+}
  2216 | D:3      | Reached XP level 5. HP: 47/47 MP: 4/4
  2448 | D:4      | Noticed a phantom
  2463 | D:4      | Killed a phantom
  2963 | D:4      | Found an ornate altar of the Wu Jian Council.
  3043 | D:4      | Found a blossoming altar of Fedhas.
  3273 | D:5      | Entered Level 5 of the Dungeon
  3338 | D:5      | Noticed a yak
  3343 | D:5      | Noticed a yak
  3369 | D:5      | Killed a yak
  3370 | D:5      | Reached skill level 5 in Fighting
  3370 | D:5      | Reached XP level 6. HP: 56/56 MP: 5/5
  3833 | D:5      | Noticed a yak
  3849 | D:5      | Killed a yak
  3850 | D:5      | Reached XP level 7. HP: 61/61 MP: 6/6
  3854 | D:5      | Noticed a yak
  3897 | D:5      | Killed a yak
  3899 | D:5      | Killed a yak
  3900 | D:5      | Reached skill level 5 in Armour
  4046 | D:5      | Reached *** piety under Trog
  4047 | D:5      | Reached XP level 8. HP: 64/70 MP: 7/7
  4370 | D:6      | Reached skill level 5 in Dodging
  4649 | D:6      | Found a staircase to the Ecumenical Temple.
  4850 | D:6      | Found a basalt altar of Yredelemnul.
  5160 | D:7      | Noticed Pikel
  5174 | D:7      | Killed Pikel
  5175 | D:7      | Reached XP level 9. HP: 61/79 MP: 8/8
  5197 | D:7      | Reached skill level 10 in Axes
  5964 | D:7      | Identified the +2 pair of boots "Ucopekul" {*Slow rF++
                  | rCorr Dex+3}
  6296 | D:7      | Reached **** piety under Trog
  6388 | D:7      | Noticed Joseph
  6398 | D:7      | Killed Joseph
  7473 | D:8      | Reached XP level 10. HP: 45/90 MP: 9/9
  7799 | D:8      | Found a broken altar of Ashenzari.
  7947 | D:8      | Noticed Maurice
  7958 | D:8      | Killed Maurice
  8693 | D:9      | Reached ***** piety under Trog
  8733 | D:9      | Noticed a two-headed ogre
  8851 | D:9      | Killed a two-headed ogre
  9189 | D:9      | Found a staircase to the Lair.
  9371 | D:9      | Reached XP level 11. HP: 94/99 MP: 10/10
  9580 | D:9      | Reached skill level 10 in Fighting
  9823 | Lair:1   | Entered Level 1 of the Lair of Beasts
  9905 | Lair:1   | You fall into a shaft and drop 1 floor!
  9915 | Lair:2   | Noticed a seven-headed hydra
  9944 | Lair:2   | Found a staircase to the Snake Pit.
  9962 | Lair:2   | HP: 4/99 [seven-headed hydra (3)]
  9963 | Lair:2   | Killed a seven-headed hydra
 10314 | Lair:2   | Reached skill level 10 in Armour
 10964 | Lair:1   | Identified the +1 robe "Yfeoxy" {rCorr Int+4}
 11961 | Lair:2   | Reached skill level 15 in Axes
 12098 | Lair:2   | Found a staircase to the Swamp.
 12306 | Lair:2   | Reached XP level 12. HP: 99/110 MP: 11/11
 12312 | Lair:2   | Reached skill level 10 in Dodging
 13326 | Lair:3   | Noticed Fannar
 13340 | Lair:3   | Killed Fannar
 13345 | Lair:3   | Received a gift from Trog
 13594 | Lair:3   | Noticed a death yak
 13598 | Lair:3   | Noticed a death yak
 13613 | Lair:3   | Noticed a death yak
 13621 | Lair:3   | Killed a death yak
 13628 | Lair:3   | Killed a death yak
 13632 | Lair:3   | Killed a death yak
 14805 | Lair:5   | Entered Level 5 of the Lair of Beasts
 14990 | Lair:5   | Found a staircase to the Slime Pits.
 15012 | Lair:5   | Noticed a five-headed hydra
 15028 | Lair:5   | Killed a five-headed hydra
 15326 | Lair:5   | Found a frozen archway.
 15338 | IceCv    | Entered an ice cave
 15728 | IceCv    | Reached XP level 13. HP: 119/119 MP: 12/12
 18170 | Lair:5   | Noticed a dire elephant
 18180 | Lair:5   | Killed a dire elephant
 18384 | D:10     | Entered Level 10 of the Dungeon
 18423 | D:10     | Identified the +0 ring mail of the Hall of Blades {rElec
                  | rF+ Stlth+}
 18581 | D:10     | Found a sacrificial altar of Ru.
 18825 | D:10     | Reached ****** piety under Trog
 18911 | D:10     | Identified the +2 robe "Burav" {Harm rPois rC+}
 19149 | D:11     | You fall into a shaft and drop 1 floor!
 19186 | D:11     | Received a gift from Trog
 19188 | D:11     | Found a faded altar of an unknown god.
 19368 | D:11     | Found a staircase to the Orcish Mines.
 19378 | D:11     | Identified the +2 ring mail "Pizeed" {Dex+3}
 19403 | D:11     | Reached XP level 14. HP: 122/130 MP: 13/13
 19602 | D:11     | Noticed Harold
 19612 | D:11     | Killed Harold
 19697 | Orc:1    | Entered Level 1 of the Orcish Mines
 19702 | Orc:1    | Noticed Gastronok
 19716 | Orc:1    | Noticed Erica
 19719 | Orc:1    | Killed Gastronok
 19852 | Orc:1    | Killed Erica
 20435 | Orc:1    | Found Upnacef's Antique Weapon Emporium.
 20600 | Orc:2    | Entered Level 2 of the Orcish Mines
 20636 | Orc:2    | Found a staircase to the Elven Halls.
 20688 | Orc:2    | Found Izeseimn's Jewellery Emporium.
 20688 | Orc:2    | Noticed Saint Roka
 21051 | Orc:2    | Killed Saint Roka
 21231 | Orc:2    | Bought a ring of willpower for 325 gold pieces
 21232 | Orc:2    | Bought an amulet of regeneration for 390 gold pieces
 21237 | Orc:2    | Bought a ring of protection from fire for 325 gold pieces
 21259 | Orc:2    | Received a gift from Trog
 21518 | Orc:2    | Noticed Nessos
 21529 | Orc:2    | Killed Nessos
 22047 | Orc:2    | Received a gift from Trog
 22413 | Orc:2    | Found Kyfuq's Jewellery Shoppe.
 22413 | Orc:2    | Found Rupsuc's General Store.
 22414 | Orc:2    | Found Culuzica's Antique Weapon Emporium.
 22414 | Orc:2    | Found Xaclis Loci's Antique Weapon Shoppe.
 22421 | Orc:2    | Bought the amulet of Wariness {Reflect rC+ Will+ Str+3
                  | SH+5} for 838 gold pieces
 22435 | Orc:2    | Bought a scroll of fear for 64 gold pieces
 22435 | Orc:2    | Bought a scroll of teleportation for 48 gold pieces
 22435 | Orc:2    | Bought a potion of curing for 48 gold pieces
 22435 | Orc:2    | Bought a scroll of teleportation for 48 gold pieces
 22759 | D:12     | Noticed Nergalle
 22768 | D:12     | Killed Nergalle
 23784 | D:13     | Reached skill level 15 in Fighting
 23789 | D:13     | Reached XP level 15. HP: 97/141 MP: 14/14
 23996 | D:13     | Found a gate to the Vaults.
 24601 | D:14     | Reached skill level 15 in Armour
 24947 | D:14     | Found an ancient bone altar of Kikubaaqudgha.
 25270 | D:15     | Entered Level 15 of the Dungeon
 25327 | D:15     | Received a gift from Trog
 25339 | D:15     | Found a transporter.
 25428 | D:15     | Found a transporter.
 25433 | D:15     | Found a transporter.
 25433 | D:15     | Found a transporter.
 25468 | D:15     | Found a white marble altar of Elyvilon.
 25563 | D:15     | Found a runed translucent gate.
 25563 | D:15     | Found a runed translucent gate.
 25563 | D:15     | Found a runed translucent gate.
 25565 | D:15     | Noticed Vixxxy's ghost (adept MiFi)
 25566 | D:15     | Identified the +8 flail "Weanic" {drain, MP+9 Int+4}
 25568 | D:15     | Identified the amulet "Ejysahoc" {RegenMP Harm rF+ rC-
                  | rCorr}
 25691 | D:15     | Killed Vixxxy's ghost
 25840 | D:15     | Identified the +0 pair of gloves of Ethics {Drain rPois
                  | Dex+3 SInv}
 25930 | D:15     | Found a staircase to the Depths.
 25940 | D:15     | Noticed Louise
 26079 | Abyss:2  | Cast into level 2 of the Abyss (Louise)
 26267 | Abyss:3  | Found a corrupted altar of Lugonu.
 26268 | Abyss:3  | Found a corrupted altar of Lugonu.
 26268 | Abyss:3  | Found a corrupted altar of Lugonu.
 26306 | Abyss:4  | Found a corrupted altar of Lugonu.
 26316 | Abyss:4  | Paralysed by a great orb of eyes for 5 turns
 26322 | D:15     | Escaped the Abyss
 26507 | D:15     | Killed Louise
 26507 | D:15     | Received a gift from Trog
 26853 | Elf:1    | Entered Level 1 of the Elven Halls
 27179 | Elf:1    | Reached skill level 15 in Dodging
 27445 | Elf:1    | Found a portal to a secret trove of treasure.
 27536 | Elf:1    | Paralysed by an air elemental for 1 turns
 27540 | Elf:1    | Paralysed by an air elemental for 1 turns
 27572 | Elf:1    | Identified the +5 mace of Azomn {chaos, rF+ rN+ Int+7
                  | Dex-3}
 27951 | Elf:1    | Found Ytesuona's Book Boutique.
 27970 | Elf:1    | Found Kelishruwn's General Store.
 27976 | Elf:1    | Bought a scroll of teleportation for 60 gold pieces
 28151 | Elf:2    | Reached XP level 16. HP: 154/154 MP: 15/15
 28469 | Elf:2    | Noticed Jorgrun
 28491 | Elf:2    | Killed Jorgrun
 28497 | Elf:2    | Received a gift from Trog
 28568 | Elf:2    | Found a magical portal.
 28581 | WizLab   | Entered Maxwell's Workshop
 28790 | WizLab   | Identified the scarf of Ceirohiwea {repulsion, +Inv Fly
                  | Str+3}
 28870 | WizLab   | Noticed an electric golem
 28895 | WizLab   | Killed an electric golem
 29057 | WizLab   | Identified the ring "Vioclifofo" {Ice Fly rPois}
 29445 | WizLab   | Identified the amulet of Monotheism {Acrobat rN++ Str-5
                  | Dex+6}
 29497 | WizLab   | Identified the ring of the Mutiny {Ice Int+6}
 29498 | WizLab   | Identified the ring of the Princeling {Fire rPois Str+5}
 29656 | Elf:2    | Paralysed by an air elemental for 1 turns
 29658 | Elf:2    | Paralysed by an air elemental for 1 turns
 29897 | Elf:2    | Found a runed translucent gate.
 29897 | Elf:2    | Found a runed translucent gate.
 29897 | Elf:2    | Found a runed translucent gate.
 30209 | Elf:2    | Received a gift from Trog
 30269 | Elf:2    | Noticed a deep elf blademaster
 30580 | Elf:2    | Killed a deep elf blademaster
 31186 | Swamp:1  | Entered Level 1 of the Swamp
 31690 | Swamp:1  | Noticed Donald
 31702 | Swamp:1  | Killed Donald
 31703 | Swamp:1  | Reached XP level 17. HP: 97/166 MP: 16/16
 32138 | Swamp:2  | Noticed a tentacled monstrosity
 32153 | Swamp:2  | Killed a tentacled monstrosity
 33060 | Swamp:3  | Found a large runed translucent door.
 33060 | Swamp:3  | Found a large runed translucent door.
 33214 | Swamp:3  | Received a gift from Trog
 33615 | Swamp:3  | Noticed MrDizzy's ghost (adept MiBe)
 33745 | Swamp:3  | Killed MrDizzy's ghost
 33913 | Swamp:4  | Entered Level 4 of the Swamp
 34850 | Swamp:4  | Noticed the 27-headed Lernaean hydra
 34860 | Swamp:4  | Killed the 27-headed Lernaean hydra
 35071 | Swamp:4  | Got a decaying rune of Zot
 35344 | Snake:1  | Entered Level 1 of the Snake Pit
 35995 | Snake:1  | Noticed Mlioglotl
 36019 | Snake:1  | Killed Mlioglotl
 36445 | Snake:1  | Found Usoam's Armour Emporium.
 36892 | Snake:2  | Reached XP level 18. HP: 173/178 MP: 17/17
 37624 | Snake:1  | Received a gift from Trog
 38095 | Snake:2  | Found an iron altar of Okawaru.
 38900 | Snake:3  | Found Ciula's Armour Shoppe.
 38991 | Snake:3  | Noticed Asterion
 39003 | Snake:3  | Killed Asterion
 39506 | Snake:3  | Found Alenazam's CLEARANCE SALE!.
 39727 | Snake:3  | Found Febasas's Jewellery Shop.
 39727 | Snake:3  | Found Viabym's Book Shoppe.
 39728 | Snake:3  | Found Hefiof's Book Shoppe.
 39783 | Snake:4  | Entered Level 4 of the Snake Pit
 40153 | Snake:3  | Received a gift from Trog
 40730 | Snake:4  | Noticed Vashnia
 40786 | Snake:4  | Killed Vashnia
 41104 | Snake:4  | Noticed Agnes
 41111 | Snake:4  | Killed Agnes
 41898 | Snake:4  | Reached XP level 19. HP: 119/190 MP: 18/18
 42376 | Snake:4  | Reached skill level 1 in Throwing
 42437 | Snake:4  | Got a serpentine rune of Zot
 42871 | Elf:3    | Entered Level 3 of the Elven Halls
 43031 | Elf:3    | Identified the +1 robe of Rijigro {*Corrode Int+4}
 43497 | Elf:3    | Identified the +5 halberd of the Snake Pit {spect, *Rage
                  | rC+ MP+9}
 43903 | Elf:3    | Identified the +3 ring mail of Jimomap {Contam +Blink +Inv
                  | MP+9}
 43923 | Elf:3    | Noticed a Tzitzimitl
 43926 | Elf:3    | Received a gift from Trog
 44221 | Elf:3    | Identified the staff of death "Kikaad" {Fragile rN+ Int+4
                  | Stlth+}
 44533 | Elf:3    | Identified the staff of fire "Hidyxoga" {rF+ rN++ Will+
                  | Int+3 SInv}
 44554 | Elf:3    | Identified the +2 short sword "Gavvaq" {flame, Drain rElec
                  | rN+++ Dex+2}
 44567 | Elf:3    | Identified the staff of death "Cuhinum" {rElec rN+ Will+
                  | Dex+5}
 44571 | Elf:3    | Identified the staff of air "Zudar" {rElec rC+}
 44575 | Elf:3    | Identified the +7 tower shield of Kubuil {rC+ Will+}
 44586 | Elf:3    | Identified the staff of death "Itwid" {rPois rN+ Dex+4}
 45048 | Elf:3    | Found Iladd's Antique Armour Emporium.
 45372 | Elf:3    | Reached skill level 5 in Throwing
 46075 | Depths:1 | Entered Level 1 of the Depths
 46075 | Depths:1 | Found a one-way gate to the infinite horrors of the Abyss.
 46649 | Depths:1 | Received a gift from Trog
 47054 | Depths:1 | Found a one-way gate leading to the halls of Pandemonium.
 47552 | Depths:1 | Found a gateway to Hell.
 47637 | Hell     | Entered the Vestibule of Hell
 47637 | Hell     | Noticed Geryon
 48078 | Depths:2 | Reached XP level 20. HP: 114/202 MP: 19/19
 48598 | Depths:2 | Received a gift from Trog
 48712 | Depths:2 | Noticed a caustic shrike
 48721 | Depths:2 | Killed a caustic shrike
 48747 | Depths:2 | You are sucked into a shaft and drop 1 floor!
 49240 | Depths:2 | Found a runed translucent door.
 49240 | Depths:2 | Identified the staff of fire "Vofiathuiso" {rF+ Str+3
                  | Int+4}
 49241 | Depths:2 | Identified the +4 hand axe "Tuogibry" {flame, rElec Will-
                  | Dex+2}
 49242 | Depths:2 | Found a runed translucent door.
 49397 | Depths:2 | Reached skill level 10 in Throwing
 50006 | Depths:3 | Identified the +8 flail "Wiofisiu" {flame, rN+} (Trog
                  | gifted it to you on level 3 of the Depths)
 50006 | Depths:3 | Received a gift from Trog
 50729 | Depths:3 | Found a one-way gateway to a ziggurat.
 51398 | Depths:3 | Identified the staff of fire "Sushuon" {+Blink rF+ rC-
                  | Dex+3}
 51588 | Depths:4 | Entered Level 4 of the Depths
 51590 | Depths:4 | Paralysed by a sphinx for 2 turns
 51754 | Depths:4 | Received a gift from Trog
 51757 | Depths:4 | Reached XP level 21. HP: 140/212 MP: 20/20
 51970 | Depths:4 | Noticed Vv
 52385 | Vaults:1 | Entered Level 1 of the Vaults
 53161 | Abyss:4  | Found a corrupted altar of Lugonu.
 53161 | Abyss:4  | Cast into level 4 of the Abyss (vault warden)
 53368 | Abyss:4  | Gained mutation: You sometimes lose your temper in combat.
                  | [a neqoxec]
 53393 | Vaults:1 | Escaped the Abyss
 53400 | Vaults:1 | HP: 7/213 [vault warden/+1 glaive of distortion (26)]
 53401 | Vaults:1 | Slain by a vault warden

Illustrated notes

Levels and vault maps discovered:
D:1:      lemuel_arrival_rhombus, layout_basic,
          hellmonk_ecumenical_altar_prayer_group, serial_shops, shop,
          serial_forest, infiniplex_forest_clump_curved,
          infiniplex_forest_lined_3_way, infiniplex_forest_end_double,
          infiniplex_forest_clump_long, infiniplex_forest_lined_2,
          infiniplex_forest_lined_corner, infiniplex_forest_clump_medium,
          minmay_misc_feat_pillars
D:2:      layout_basic, serial_shops, shop, minmay_misc_feat_four_crosses
D:3:      layout_basic, nicolae_overflows_in_rows, uniq_terence
D:4:      layout_loops_cross, mainiacjoe_overflow_catch_the_wave
D:5:      layout_cave_pods
D:6:      layout_rooms, nicolae_overflow_hidden_temple,
          minmay_temple_entry_gardened_gates
D:7:      corexii_shantytown, layout_loops_corners, uniq_pikel, uniq_joseph
D:8:      layout_rooms, nicolae_ashenzari_panopticon, chequers_hall_statues_y,
          nicolae_water_bricks, uniq_maurice
D:9:      layout_long_grid, minmay_lair_entry_grove
D:10:     layout_roguey, nicolae_overflow_crystal_walls,
          david_defended_altar_orc
D:11:     layout_cave_pools, orc_0_dummy, serial_column_ruins,
          column_ruins_temple_hall, column_ruins_hut,
          column_ruins_columns_straight, column_ruins_grid_3,
          column_ruins_grid_1, column_ruins_open_tiny, uniq_harold
D:12:     layout_roguey, uniq_nergalle
D:13:     layout_long_grid, erik_vaults_1
D:14:     layout_cave_pools, hex_medium, lemuel_zombie_altar_kikubaaqudgha
D:15:     grunt_enter_depths_giant_problem, layout_long_grid, elyvilon_altar_5,
          biasface_ghost_orc_armoury, serial_nicolae_subway,
          nicolae_sub_station_stone, nicolae_sub_station_crystal,
          nicolae_sub_station_metal, uniq_louise
Lair:1:   layout_gridlike
Lair:2:   layout_chaotic_city, minmay_swamp_entry_wisps,
          minmay_snake_entry_guardpost_small, grunt_megastairs_2
Lair:3:   layout_misc_corridors, special_room [special_room_bee], uniq_fannar
Lair:4:   layout_cave_pods, serial_bayou_shore_a
Lair:5:   grunt_lair_end_beastmaster, layout_regular_city, slime_entry_1,
          portal_ice_cave_entry_pillars_1, infiniplex_staircase_pool_2,
          lemuel_fruit_tree
Swamp:1:  layout_basic_swamp, nicolae_swamp_small_spring,
          infiniplex_staircase_pool, uniq_donald
Swamp:2:  layout_falls_marsh, evilmike_swamp_ruin_rubble_1
Swamp:3:  layout_falls_marsh, ebering_ghost_disaster_area, hangedman_swamp_cone
Swamp:4:  swamp_old_school, layout_basic_swamp, hangedman_swamp_lotus,
          swamp_pool3
Snake:1:  nicolae_snake_attic_fulla_snakes, layout_chambers, serial_shops, shop,
          abandoned_shop, uniq_mlioglotl
Snake:2:  layout_misc_corridors, basic_altar, nicolae_snake_double_loop
Snake:3:  layout_onion, serial_shops, shop, nicolae_shop_clearance,
          minmay_shop_grove, uniq_asterion
Snake:4:  minmay_snake_end_coiled, layout_onion, serial_bayou_pond_e,
          uniq_agnes, uniq_vashnia
Orc:1:    layout_caves, serial_shops, nicolae_shop_overgrown_old_shop,
          uniq_gastronok, uniq_erica
Orc:2:    st_orc_pillars, layout_caves, serial_shops, shop, minmay_orc_temple_b,
          uniq_saint_roka, uniq_nessos
Elf:1:    nicolae_elf_arrival_no_cutting_in_line, layout_gridlike,
          nicolae_trove_entry_crossroad, hangedman_corner_corridor,
          minmay_shoptagon
Elf:2:    nicolae_elf_blades_crystal_corner, layout_loops_ring,
          infiniplex_enter_wizlab_water, uniq_jorgrun
Elf:3:    elf_hall, layout_geoelf_grid, serial_shops, nicolae_shop_peninsula
Vaults:1: vaults_dpeg_encased_lava, grunt_vaults_bifocal,
          ontoclasm_vaults_decontamination, ontoclasm_vaults_spin,
          v_alt_pattern_3, nicolae_vaults_meeting, nicolae_vaults_wine_cellar,
          nicolae_vaults_heart-shaped_vault, vaults_mumra_minichess_inversion,
          nicolae_vaults_house_2, nicolae_vaults_offset_grid_hallway_3,
          ontoclasm_vaults_bender, nicolae_vaults_tetromino_Z_2,
          layout_vaults_maze_snakey
Depths:1: nicolae_BIG_FREAKIN_CUBE, layout_gridlike, rand_demon_pan_entry_8,
          abyss_entry, grunt_hell_entry_dis_mu, grunt_decor_clamped
Depths:2: minmay_the_grid_triangle_9x9_recursive_2_mashed
          [minmay_the_grid_triangle_9x9_prize_schism,
          minmay_the_grid_triangle_9x9_steps,
          minmay_the_grid_triangle_9x9_tough_junction,
          minmay_the_grid_triangle_9x9_impossible_snake], layout_gridville,
          kennysheep_boxes, pan_entry, hell_entry
Depths:3: minmay_two_paths, layout_small_grid, enter_ziggurat_c,
          minmay_misc_feat_room, hell_entry, abyss_entry, serial_glass,
          glass_columns_b, glass_columns_a, kennysheep_random_hallway
Depths:4: grunt_zot_entry_hairpin, layout_gridlike,
          abyss_entry_small_statue_room, minmay_misc_feat_five, hell_entry,
          dreamdust_wishing_well, nicolae_rejected_hall, uniq_vv
Hell

Skill      XL: |  1  2  3  4  5  6  7  8  9 10 11 12 13 14 15 16 17 18 19 20 21 |
---------------+----------------------------------------------------------------+-----
Axes           | 4 5 6 7 9 11 13 15 16 18 20 | 20.0
Fighting       | 4 5 6 7 8 9 11 12 13 15 16 18 20 21 22 23 | 23.9
Armour         | 3 4 5 6 8 9 10 12 13 14 16 18 19 21 22 23 | 23.7
Dodging        | 3 4 6 7 8 9 11 12 13 15 16 18 19 20 21 22 | 22.0
Throwing       | 7 12 13 | 13.3

Action                     |  1- 3 |  4- 6 |  7- 9 | 10-12 | 13-15 | 16-18 | 19-21 || total
---------------------------+-------+-------+-------+-------+-------+-------+-------++-------
  Melee: Hand axe          |   113 |    88 |       |       |       |       |       ||   201
         Headbutt          |    14 |    18 |    39 |   142 |   204 |   191 |   184 ||   792
         Punch             |     1 |       |     2 |    10 |     3 |       |       ||    16
         War axe           |       |    37 |   232 |   547 |    62 |       |       ||   878
         Whip              |       |       |       |   114 |    69 |       |       ||   183
         Broad axe         |       |       |       |       |   306 |       |       ||   306
         Battleaxe         |       |       |       |       |   450 |   875 |   722 ||  2047
         Trident           |       |       |       |       |     5 |       |       ||     5
  Throw: Dart              |       |     4 |       |     4 |       |       |       ||     8
 Invoke: Berserk           |       |     2 |     4 |     3 |     4 |     1 |       ||    14
         Brothers in Arms  |       |       |       |     1 |     5 |     5 |    12 ||    23
         Trog's Hand       |       |       |       |     1 |     2 |     1 |     5 ||     9
  Evoke: Wand              |       |       |       |       |       |       |     1 ||     1
    Use: Scroll            |     1 |     5 |     5 |     4 |    17 |     1 |     9 ||    42
         Potion            |       |       |       |     3 |     4 |     1 |     2 ||    10
   Stab: Distracted        |       |       |       |       |       |     2 |     2 ||     4
 Armour: Leather armour    |     6 |       |       |       |       |       |       ||     6
         Chain mail        |    31 |    39 |       |       |       |       |       ||    70
         Plate armour      |       |    35 |   186 |   247 |    29 |       |       ||   497
         Crystal plate arm |       |       |       |       |   459 |   496 |   456 ||  1411
  Dodge: Dodged            |    68 |    59 |   146 |   364 |   595 |   631 |   568 ||  2431
         Repelled          |       |       |       |       |       |    68 |    34 ||   102
  Block: Other             |       |       |       |       |    72 |   190 |   179 ||   441
         Reflection        |       |       |       |       |     7 |    26 |    12 ||    45
